 Dungeon Crawl Stone Soup version 0.27.1-3-gb3d3a73c9e (webtiles) character file.

Game seed: 13653984621191180519

219061 Elvor the Eclecticist (level 18, -1/114 HPs)
             Began as a Deep Elf Conjurer on Oct 20, 2021.
             Was the Champion of Vehumet.
             Slain by a golden dragon simulacrum (51 damage)
             ... in an ice cave on Oct 22, 2021.
             The game lasted 08:21:01 (32814 turns).

Elvor the Eclecticist (Deep Elf Conjurer)          Turns: 32814, Time: 08:21:02

Health: -1/114     AC: 20    Str: 12    XL:     18   Next: 43%
Magic:  2/53       EV: 15    Int: 38    God:    Vehumet [******]
Gold:   1205       SH:  7    Dex: 13    Spells: 4/57 levels left

rFire    . . .     SeeInvis +   J - +3 short sword (elec)
rCold    . . .     Faith    .   M - +2 buckler
rNeg     . . .     Spirit   .   j - +6 chain mail "Wuwy" {+Blink}
rPois    .         Reflect  .   x - +0 helmet {SInv}
rElec    .         Harm     .   X - +0 cloak of Temperance {Contam Drain MP+9 Int+9}
rCorr    .         Rampage  .   C - +0 pair of gloves
Will     +....                  I - +0 pair of boots
Stlth    ++........             O - amulet of regeneration
HPRegen  1.29/turn              o - +4 ring of evasion
MPRegen  0.33/turn              V - ring of the Priest {EV+4 Str+5}

@: no status effects
A: no striking features
}: 1/15 runes: gossamer
a: Renounce Religion, Evoke Blink


You were in an ice cave.
You worshipped Vehumet.
Vehumet was exalted by your worship.
You visited 6 branches of the dungeon, and saw 30 of its levels.
You also visited: Gauntlet and Ice Cave.

You collected 3787 gold pieces.
You spent 2582 gold pieces at shops.

Inventory:

Hand Weapons
 J - a +3 short sword of electrocution (weapon)
 R - the +4 hunting sling of Musish {vorpal, rPois}
   (You found it on level 2 of the Spider Nest)

   Any ammunition fired from it inflicts extra damage upon your enemies.
   rPois:     It protects you from poison.
Missiles
 a - 106 poisoned darts
 c - 6 curare-tipped darts
 f - 810 stones
 g - 35 boomerangs
Armour
 j - the +6 chain mail "Wuwy" (worn) {+Blink}
   (You bought it in a shop on level 2 of the Orcish Mines)

   +Blink:    It lets you blink.
 x - a +0 helmet of see invisible (worn)
 C - a +0 pair of gloves (worn)
 I - a +0 pair of boots (worn)
 M - a +2 buckler (worn)
 X - the +0 cloak of Temperance (worn) {Contam Drain MP+9 Int+9}
   (You found it in a Gauntlet)

   Int:       It affects your intelligence (+9).
   MP:        It affects your magic capacity (+9).
   Contam:    It causes magical contamination when unequipped.
   Drain:     It drains your maximum health when unequipped.
Magical Staves
 G - a staff of conjuration
Jewellery
 o - a +4 ring of evasion (left hand)
 O - an amulet of regeneration (around neck)
 V - the ring of the Priest (right hand) {EV+4 Str+5}
   (You took it off a minotaur in a Gauntlet)

   [ring of evasion]

   EV:        It affects your evasion (+4).
   Str:       It affects your strength (+5).
Wands
 e - a wand of iceblast (8)
 p - a wand of mindburst (18)
 s - a wand of digging (9)
 u - a wand of charming (20)
 F - a wand of polymorph (32)
 H - a wand of paralysis (16)
Scrolls
 b - 4 scrolls of silence
 h - a scroll of torment
 i - 3 scrolls of magic mapping
 l - 8 scrolls of teleportation
 n - 2 scrolls of immolation
 r - a scroll of fear
 A - a scroll of fog
 B - 7 scrolls of blinking
Potions
 d - 4 potions of haste
 m - 12 potions of curing
 q - 5 potions of ambrosia
 t - a potion of magic
 v - 3 potions of cancellation
 z - 5 potions of might
 D - 5 potions of lignification
 L - 4 potions of brilliance
 S - 2 potions of resistance
 W - 2 potions of flight
Miscellaneous
 Q - a phantom mirror (inert)
 T - a lightning rod (2/4)


   Skills:
 * Level 13.0 Fighting
 + Level 7.0 Short Blades
 + Level 3.6 Throwing
 + Level 5.0 Armour
 + Level 6.0 Dodging
 + Level 12.8 Stealth
 + Level 5.5 Shields
 + Level 20.0 Spellcasting
 + Level 13.1 Conjurations
 + Level 3.7 Translocations
 + Level 6.9 Transmutations
 + Level 2.9 Fire Magic
 + Level 7.4 Air Magic
 + Level 11.8 Earth Magic
 + Level 7.0 Poison Magic
 + Level 5.4 Evocations


You had 4 spell levels left.
You knew the following spells:

 Your Spells              Type           Power      Damage    Failure   Level
a - Blink                 Tloc           N/A        N/A       8%          2
b - Searing Ray           Conj           100%       3d7       1%          2
c - Sandblast             Erth           100%       2d20      1%          1
d - Iskenderun's Mystic   Conj/Tloc      80%        2d16      1%          4
e - Poisonous Vapours     Pois/Air       100%       N/A       1%          2
f - Lightning Bolt        Conj/Air       43%        1d62      2%          5
g - Stone Arrow           Conj/Erth      100%       3d13      1%          3
h - Iskenderun's Battles  Conj           95%        2d14      1%          5
i - Fireball              Conj/Fire      39%        3d16      7%          5
j - Petrify               Tmut/Erth      83%        N/A       4%          4
k - Iron Shot             Conj/Erth      46%        9d9       5%          6
l - Lee's Rapid Deconstr  Erth           45%        3d23*     1%          5
m - Shatter               Erth           45%        3d35*     100%        9

Your spell library contained the following spells:

 Spells                   Type           Power      Damage    Failure   Level
 Fire Storm               Conj/Fire      39%        8d10      100%        9
 Polar Vortex             Ice            19%        N/A       100%        9
 Beastly Appendage        Tmut           100%       N/A       1%          1
 Foxfire                  Conj/Fire      100%       2x1d9     1%          1
 Magic Dart               Conj           100%       1d8       1%          1
 Shock                    Conj/Air       100%       1d9       1%          1
 Sting                    Tmut/Pois      100%       1d8       1%          1
 Static Discharge         Conj/Air       86%        N/A       1%          2
 Conjure Flame            Conj/Fire      78%        6-21      1%          3
 Dazzling Flash           Conj/Hex       100%       N/A       1%          3
 Ignite Poison            Fire/Tmut/Pois 69%        N/A       1%          3
 Mephitic Cloud           Conj/Pois/Air  82%        N/A       1%          3
 Sticky Flame             Conj/Fire      78%        2d9       2%          4
 Fulminant Prism          Conj/Hex       36%        3d18      4%          4
 Hailstorm                Conj/Ice       73%        3d15      4%          4
 Corpse Rot               Necr/Air       N/A        N/A       8%          2
 Inner Flame              Hex/Fire       49%        N/A       11%         3
 Lesser Beckoning         Tloc           30%        N/A       14%         3
 Animate Armour           Summ/Erth      100%       N/A       21%         4
 Portal Projectile        Hex/Tloc       100%       N/A       32%         3
 Call Imp                 Summ           38%        N/A       34%         2
 Summon Lightning Spire   Summ/Air       60%        N/A       45%         4
 Ice Form                 Ice/Tmut       59%        N/A       50%         4
 Ozocubu's Armour         Ice            38%        N/A       56%         3
 Irradiate                Conj/Tmut      42%        3d27      3%          5
 Bolt of Magma            Conj/Fire/Erth 41%        4d17      4%          5
 Freezing Cloud           Conj/Ice/Air   37%        6-21      11%         5
 Conjure Ball Lightning   Conj/Air       43%        3x3d15    13%         6
 Orb of Destruction       Conj           47%        9d15      22%         7
 Starburst                Conj/Fire      39%        6d11      32%         6
 Alistair's Intoxication  Tmut/Pois      49%        N/A       36%         5
 Blade Hands              Tmut           37%        N/A       36%         5
 Eringya's Noxious Bog    Tmut/Pois      37%        N/A       45%         6
 Statue Form              Tmut/Erth      55%        N/A       58%         6
 Manifold Assault         Tloc           61%        N/A       80%         5
 Lehudib's Crystal Spear  Conj/Erth      46%        10d11     88%         8
 Excruciating Wounds      Necr           19%        N/A       99%         5
 Metabolic Englaciation   Hex/Ice        19%        N/A       99%         5
 Simulacrum               Ice/Necr       19%        N/A       100%        6
 Storm Form               Tmut/Air       37%        N/A       100%        7
 Maxwell's Capacitive Co  Air            38%        ∞         100%        8
 Chain Lightning          Conj/Air       43%        3d57      100%        9


Dungeon Overview and Level Annotations

Branches:
Dungeon (15/15)            Temple (1/1) D:5            Lair (6/6) D:9
  Swamp (2/4) Lair:4       Spider (4/4) Lair:4        Slime (0/5) Lair:6
    Orc (2/2) D:12            Elf (0/3) Orc:2        Vaults (0/5) D:13
 Depths (0/5) D:15          IceCv (1/1)             Gauntlet (visited)

Altars:
Ashenzari
Cheibriados
Dithmenos
Elyvilon
Fedhas
Gozag
Hepliaklqana
Kikubaaqudgha
Makhleb
Nemelex Xobeh
Okawaru
Qazlal
Ru
Sif Muna
Trog
Uskayaw
Vehumet
Wu Jian
Xom
Yredelemnul
Zin
The Shining One
Beogh
Jiyva

Shops:
D:8 ([*=   Orc:2 *([(

Portals:
Trove: D:11 (give 14 potions of curing)


Message History

You destroy the freezing wraith!
Vehumet accepts your kill.
You feel your power returning.
You block the deep troll simulacrum's attack.
The deep troll simulacrum claws you! The deep troll simulacrum freezes you!!
* * * LOW HITPOINT WARNING * * *
You block the deep troll simulacrum's attack.
You feel much better.
Aiming: Thunderbolt
Press: ? - help, Q - select action, (/) - cycle Shift-Dir - straight line, f - golden dragon simulacrum
Aim: a golden dragon simulacrum (moderately damaged)
The thunderbolt hits the deep troll simulacrum.
The deep troll simulacrum is heavily damaged.
The thunderbolt hits the golden dragon simulacrum.
The golden dragon simulacrum is moderately damaged.
The deep troll simulacrum bites you but does no damage.
The deep troll simulacrum claws you but does no damage.
You block the deep troll simulacrum's attack.
The golden dragon simulacrum bites you but does no damage.
The golden dragon simulacrum misses you. x2
Casting: Iskenderun's Mystic Blast (mildly dangerous; 1% risk of failure)
Press: ? - help, Q - select action, (/) - cycle Dir - look around, f - activate You erupt in a blast of force!
The mystic blast hits the deep troll simulacrum!
The deep troll simulacrum is almost destroyed.
The deep troll simulacrum is knocked back by the mystic blast.
The deep troll simulacrum slams into the ice covered rock wall!
The deep troll simulacrum vaporises!
Vehumet accepts your kill.
You feel your power returning.
The mystic blast hits the deep troll simulacrum.
The deep troll simulacrum is severely damaged.
The deep troll simulacrum is knocked back by the mystic blast.
The deep troll simulacrum slams into the ice covered rock wall!
The mystic blast hits the golden dragon simulacrum but does no damage.
The golden dragon simulacrum is moderately damaged.
The golden dragon simulacrum closely misses you.
The golden dragon simulacrum claws you!
The golden dragon simulacrum freezes you!!!
You die...

#...#
##...
#...#
##...##
##.....##
#...∩.Z.#
#☼......#
##.Z∩..##
##@..##
#####


You could see a golden dragon simulacrum and a deep troll simulacrum.

Vanquished Creatures
  Arachne (Spider:2)
  Jorgrun (D:15)
  Gastronok (Lair:2)
  A shadow dragon (D:15)
  Roxanne (Spider:1)
  6 ghost moths
  3 orc warlords (Orc:1)
  15 emperor scorpions
  The ghost of pzskc383 the Cleaver, a journeyman GrFi of Okawaru (Orc:2)
  A stone giant (D:15)
  Nessos (Lair:4)
  2 minotaurs
  A bunyip (Swamp:1)
  3 entropy weavers (Spider:2)
  A spark wasp (Spider:3)
  3 eleionomae (Swamp:1)
  Snorg (D:14)
  A fire dragon (D:15)
  A shambling mangrove (Swamp:1)
  The ghost of doomsgape the Protected, a journeyman MiFi of Yredelemnul (Orc:1)
  3 ogre magi
  Erolcha (Orc:1)
  10 hydras
  2 centaur warriors
  8 boulder beetles
  A catoblepas (Lair:4)
  17 two-headed ogres
  A death knight (D:13)
  4 alligators (Swamp:1)
  3 tengu warriors
  4 death yaks (Lair:5)
  A death scarab (Gauntlet)
  A deep troll earth mage (D:15)
  Urug (Lair:3)
  Sonja (Lair:6)
  The ghost of puimuR the Cleaver, a novice HOMo of the Shining One (D:11)
  The ghost of puimuR the Cleaver, a novice HOMo of the Shining One (D:7)
  A flayed ghost (D:15)
  A spriggan druid (Swamp:1)
  An iron troll (Orc:2)
  3 skeletal warriors (D:15)
  2 swamp dragons
  6 goliath frogs
  A deep troll (Orc:2)
  3 bog bodies (Swamp:1)
  A wizard (D:15)
  An obsidian statue (D:13)
  18 orb spiders
  3 orc knights
  A deep elf pyromancer (D:12)
  3 manticores
  40 wolf spiders
  A shining eye (shapeshifter) (D:13)
  5 cyclopes
  An orc sorcerer (Orc:1)
  A will-o-the-wisp (Swamp:2)
  A moth of wrath (shapeshifter) (D:13)
  15 elephants
  A salamander (shapeshifter) (D:15)
  10 ugly things (D:15)
  3 moths of wrath (Spider:1)
  An ice statue (Gauntlet)
  4 black mambas
  A gargoyle (D:12)
  24 cane toads
  3 torpor snails
  A yaktaur (D:12)
  5 rime drakes
  An efreet (D:14)
  3 freezing wraiths
  6 komodo dragons
  19 demonic crawlers
  3 entropy weaver simulacra (Swamp:2)
  40 jumping spiders
  An ice devil (IceCv)
  3 polar bears
  2 bloated husks (Swamp:1)
  2 meliai (shapeshifter) (D:13)
  16 trolls
  19 hornets
  Grinder (D:3)
  4 tyrant leeches
  5 slime creatures
  5 dream sheep (Lair:6)
  25 blink frogs
  67 redbacks
  2 spriggans (Swamp:1)
  6 shadows
  Sigmund (D:4)
  24 tarantellas
  A centaur simulacrum (D:15)
  3 wyverns
  2 vampires
  Eustachio (D:4)
  A spriggan simulacrum (Swamp:2)
  6 wraiths
  2 dire elephant simulacra
  44 yaks
  4 minotaur simulacra
  8 basilisks
  2 harpy simulacra (IceCv)
  6 vampire mosquitoes
  A spectral cane toad (Gauntlet)
  4 wargs
  8 swamp worms
  An acid dragon (D:10)
  16 water moccasins
  39 orc warriors
  4 ice beasts
  4 swamp drakes (Swamp:1)
  4 black bears
  16 wolves
  2 necrophages
  28 ogres
  9 centaurs
  A phantom (D:5)
  2 kobold brigands
  25 bullfrogs
  A gnoll sergeant (D:10)
  4 scorpions
  A deep troll simulacrum (IceCv)
  2 water moccasin zombies
  A water moccasin skeleton (D:5)
  11 killer bees
  4 lindwurm simulacra
  3 electric eels
  5 jellies
  5 centaur zombies
  19 orc priests
  A centaur skeleton (D:7)
  2 hounds (D:5)
  2 bullfrog skeletons
  An iron imp (D:7)
  2 hell rats (Lair:1)
  4 iguanas (D:5)
  33 orc wizards
  3 killer bee zombies
  Robin (D:2)
  17 gnolls
  6 river rats (Lair:1)
  10 adders
  A shadow imp (D:6)
  3 white imps
  An ufetubus (D:6)
  An adder skeleton (D:5)
  2 worms (D:2)
  3 dart slugs
  77 orcs
  6 ball pythons
  8 endoplasms
  3 giant cockroaches
  16 goblins
  13 hobgoblins
  A jackal (D:2)
  12 kobolds
  3 quokkas
  2 bats (D:3)
  4 frilled lizards
  6 rats
1067 creatures vanquished.

Vanquished Creatures (collateral kills)
  An ettin (Orc:2)
  A torpor snail (Gauntlet)
  3 orcs (Orc:1)
5 creatures vanquished.

Vanquished Creatures (others)
  4 foxfires (Swamp:2)
  51 fungi
  94 plants
149 creatures vanquished.

Grand Total: 1221 creatures vanquished

Notes
Turn   | Place    | Note
-------+----------+-------------------------------------------
     0 | D:1      | Elvor the Deep Elf Conjurer began the quest for the Orb.
     0 | D:1      | Reached XP level 1. HP: 10/10 MP: 6/6
   176 | D:1      | Reached XP level 2. HP: 15/15 MP: 4/8
   179 | D:1      | Learned a level 2 spell: Searing Ray
   418 | D:1      | Reached skill level 5 in Conjurations
   703 | D:2      | Found a faded altar of an unknown god.
  1008 | D:2      | Reached XP level 3. HP: 19/19 MP: 5/9
  1616 | D:3      | Reached XP level 4. HP: 24/24 MP: 3/11
  1630 | D:3      | Noticed Grinder
  1686 | D:3      | Found a burning altar of Makhleb.
  1710 | D:3      | Noticed Robin
  1712 | D:3      | Reached skill level 4 in Spellcasting
  1721 | D:3      | Reached skill level 1 in Fighting
  1759 | D:2      | Killed Robin
  1997 | D:3      | Reached XP level 5. HP: 29/29 MP: 4/13
  2423 | D:3      | Killed Grinder
  2424 | D:3      | Reached skill level 5 in Spellcasting
  2424 | D:3      | Reached XP level 6. HP: 22/35 MP: 1/16
  2918 | D:4      | Noticed Eustachio
  2931 | D:4      | Killed Eustachio
  2932 | D:4      | Reached skill level 6 in Spellcasting
  2932 | D:4      | Reached XP level 7. HP: 40/40 MP: 2/18
  2967 | D:4      | Noticed Sigmund
  3287 | D:4      | Reached skill level 1 in Armour
  3287 | D:4      | Killed Sigmund
  3413 | D:4      | Found a sacrificial altar of Ru.
  3413 | D:4      | Found an opulent altar of Gozag.
  3420 | D:4      | Found a white marble altar of Elyvilon.
  3422 | D:4      | Found a faded altar of an unknown god.
  3424 | D:4      | Found a faded altar of an unknown god.
  3583 | D:5      | Entered Level 5 of the Dungeon
  3647 | D:5      | Reached skill level 7 in Spellcasting
  3683 | D:5      | Reached XP level 8. HP: 46/46 MP: 17/21
  3693 | D:5      | Reached skill level 1 in Throwing
  3796 | D:5      | Reached skill level 1 in Evocations
  3836 | D:5      | Reached skill level 8 in Spellcasting
  4102 | D:5      | Reached skill level 5 in Stealth
  4393 | D:5      | Found a staircase to the Ecumenical Temple.
  4422 | Temple   | Entered the Ecumenical Temple
  4491 | Temple   | Became a worshipper of Vehumet
  4888 | D:6      | Found a glowing golden altar of the Shining One.
  4896 | D:6      | Reached XP level 9. HP: 52/52 MP: 16/23
  4937 | D:6      | Found a shadowy altar of Dithmenos.
  4987 | D:6      | Found Zin's Purification Station.
  4987 | D:6      | Found a glowing silver altar of Zin.
  5028 | D:6      | Bought a potion of curing for 90 gold pieces
  5132 | D:6      | Reached skill level 9 in Spellcasting
  5226 | D:6      | Found an iron altar of Okawaru.
  5548 | D:7      | Found a blossoming altar of Fedhas.
  5553 | D:7      | Found a runed translucent door.
  5587 | D:7      | Reached * piety under Vehumet
  5587 | D:7      | Offered knowledge of Sandblast by Vehumet.
  5590 | D:7      | Learned a level 1 spell: Sandblast
  5595 | D:7      | Learned a level 4 spell: Iskenderun's Mystic Blast
  5598 | D:7      | Learned a level 2 spell: Poisonous Vapours
  5681 | D:7      | Reached skill level 5 in Fighting
  5754 | D:7      | Learned a level 3 spell: Mephitic Cloud
  5839 | D:7      | Found a snail-covered altar of Cheibriados.
  5934 | D:7      | Reached skill level 1 in Earth Magic
  6037 | D:7      | Found a shimmering blue altar of Sif Muna.
  6155 | D:7      | Noticed puimuR's ghost (novice HOMo)
  6473 | D:8      | Found Ohurudos's Magic Scroll Shoppe.
  6476 | D:8      | Found Turatz's Jewellery Shoppe.
  6480 | D:8      | Bought a scroll of blinking for 90 gold pieces
  6480 | D:8      | Bought a scroll of fear for 42 gold pieces
  6480 | D:8      | Bought a scroll of magic mapping for 42 gold pieces
  6480 | D:8      | Bought a scroll of identify for 24 gold pieces
  6480 | D:8      | Bought a scroll of identify for 24 gold pieces
  6480 | D:8      | Bought a scroll of teleportation for 36 gold pieces
  6486 | D:8      | Reached skill level 10 in Spellcasting
  6486 | D:8      | Reached skill level 1 in Poison Magic
  6545 | D:8      | Found an ornate altar of the Wu Jian Council.
  6637 | D:8      | Found a shimmering altar of Xom.
  6730 | D:8      | Found Cudiusih's Antique Weapon Emporium.
  6829 | D:8      | Found Matter's Armour Shop.
  6857 | D:8      | Found Risofeug's Assorted Antiques.
  6874 | D:8      | Bought a bubbling inky potion for 21 gold pieces
  6874 | D:8      | Bought a cyan potion for 21 gold pieces
  6874 | D:8      | Bought a green potion for 21 gold pieces
  6956 | D:8      | Bought a +2 buckler for 214 gold pieces
  6963 | D:8      | Bought a potion of curing for 72 gold pieces
  6994 | D:9      | Offered knowledge of Shock by Vehumet.
  6995 | D:9      | Reached XP level 10. HP: 60/60 MP: 23/26
  6995 | D:9      | Reached ** piety under Vehumet
  7209 | D:9      | Found a staircase to the Lair.
  7542 | D:9      | Reached skill level 11 in Spellcasting
  7687 | D:10     | Entered Level 10 of the Dungeon
  7747 | D:10     | Reached skill level 1 in Shields
  7749 | D:10     | Reached skill level 1 in Air Magic
  7833 | D:10     | Noticed a two-headed ogre
  7845 | D:10     | Killed a two-headed ogre
  7861 | D:10     | Noticed a two-headed ogre
  7873 | D:10     | Killed a two-headed ogre
  7874 | D:10     | Reached skill level 1 in Translocations
  7918 | D:10     | Reached skill level 12 in Spellcasting
  7921 | D:10     | Offered knowledge of Ignite Poison by Vehumet.
  7925 | D:10     | Reached XP level 11. HP: 38/66 MP: 11/29
  8741 | D:7      | Killed puimuR's ghost
  8899 | D:11     | Noticed a minotaur
  8926 | D:11     | Reached *** piety under Vehumet
  8946 | D:11     | Reached skill level 10 in Conjurations
  9298 | D:11     | Noticed a boulder beetle
  9312 | D:11     | Killed a boulder beetle
  9312 | D:11     | Offered knowledge of Stone Arrow by Vehumet.
  9313 | D:11     | Reached skill level 1 in Short Blades
  9317 | D:11     | Learned a level 3 spell: Stone Arrow
  9445 | D:11     | Found a portal to a secret trove of treasure.
  9515 | D:11     | Noticed puimuR's ghost (novice HOMo)
  9544 | D:11     | Noticed a boulder beetle
  9555 | D:11     | Killed a boulder beetle
  9581 | D:11     | Learned a level 5 spell: Iskenderun's Battlesphere
  9587 | D:11     | Learned a level 5 spell: Fireball
  9591 | D:11     | Found a runed translucent gate.
  9591 | D:11     | Found a runed translucent gate.
  9591 | D:11     | Found a runed translucent gate.
 10093 | D:12     | Noticed a five-headed hydra
 10105 | D:12     | Killed a five-headed hydra
 10163 | D:12     | Learned a level 4 spell: Petrify
 10242 | D:12     | Noticed a boulder beetle
 10259 | D:12     | Killed a boulder beetle
 10322 | D:12     | Found a staircase to the Orcish Mines.
 10393 | D:12     | Noticed a boulder beetle
 10417 | D:12     | Killed a boulder beetle
 10418 | D:12     | Reached skill level 13 in Spellcasting
 10418 | D:12     | Reached XP level 12. HP: 72/72 MP: 0/31
 10437 | D:12     | Reached **** piety under Vehumet
 10528 | D:12     | Offered knowledge of Irradiate by Vehumet.
 10529 | D:12     | Reached skill level 1 in Transmutations
 10735 | D:12     | Noticed a six-headed hydra
 10878 | D:12     | Noticed a boulder beetle
 10892 | D:12     | Killed a boulder beetle
 10959 | D:12     | Killed a six-headed hydra
 11146 | D:12     | Noticed a boulder beetle
 11313 | D:12     | Killed a boulder beetle
 11475 | D:12     | Identified the +0 scale mail "Raeff" {*Slow rN+ Str+5
                  | Stlth+}
 11643 | D:12     | Noticed a two-headed ogre
 11663 | D:12     | Killed a two-headed ogre
 11813 | D:13     | Found a gate to the Vaults.
 12025 | D:8      | Bought a heavy robe for 136 gold pieces
 12025 | D:8      | Identified the +1 robe of the Moneychanger {-Tele rElec
                  | rN++} (You bought it in a shop on level 8 of the Dungeon)
 12025 | D:8      | Bought a scroll of blinking for 180 gold pieces
 12074 | D:8      | Bought a scroll of teleportation for 36 gold pieces
 12236 | Lair:1   | Entered Level 1 of the Lair of Beasts
 12239 | Lair:1   | Reached skill level 5 in Earth Magic
 12240 | Lair:1   | Noticed a six-headed hydra
 12381 | Lair:1   | Killed a six-headed hydra
 12535 | Lair:1   | Noticed a seven-headed hydra
 12545 | Lair:1   | Killed a seven-headed hydra
 12850 | Lair:1   | Reached ***** piety under Vehumet
 12853 | Lair:1   | Offered knowledge of Bolt of Magma by Vehumet.
 12863 | Lair:1   | Reached XP level 13. HP: 79/79 MP: 10/32
 13269 | Lair:1   | Identified a scroll of acquirement
 13270 | Lair:1   | Acquired the Compendium of Combat Magic
 13279 | Lair:1   | Learned a level 6 spell: Iron Shot
 13410 | Lair:2   | Noticed Gastronok
 13421 | Lair:2   | Killed Gastronok
 13422 | Lair:2   | Reached skill level 5 in Dodging
 13497 | Lair:2   | Reached skill level 14 in Spellcasting
 14319 | Lair:3   | Noticed Urug
 14329 | Lair:3   | Killed Urug
 15116 | Lair:4   | Found a hole to the Spider Nest.
 15343 | Lair:4   | Noticed Nessos
 15705 | Lair:4   | Found a staircase to the Swamp.
 15773 | Lair:4   | Killed Nessos
 16028 | Lair:4   | You fall into a shaft and drop 1 floor!
 16069 | Lair:5   | Reached skill level 1 in Fire Magic
 16105 | Lair:4   | Reached XP level 14. HP: 86/86 MP: 13/34
 16146 | Lair:4   | Learned a level 5 spell: Bolt of Magma
 16177 | Lair:5   | Learned a level 2 spell: Blink
 16224 | Lair:5   | Offered knowledge of Spellforged Servitor by Vehumet.
 16352 | Lair:5   | Reached skill level 5 in Short Blades
 16408 | Lair:5   | Reached skill level 15 in Spellcasting
 16543 | Lair:5   | Reached skill level 5 in Shields
 16863 | Lair:5   | You fall into a shaft and drop 1 floor!
 16863 | Lair:6   | Entered Level 6 of the Lair of Beasts
 16875 | Lair:6   | Found a viscous altar of Jiyva.
 16876 | Lair:6   | Found a staircase to the Slime Pits.
 16880 | Lair:6   | Found a gate leading to a gauntlet.
 16889 | Gauntlet | Entered a Gauntlet
 16889 | Gauntlet | Found a transporter.
 16889 | Gauntlet | Found a transporter.
 16898 | Gauntlet | Found a transporter.
 16900 | Gauntlet | Found a transporter.
 16905 | Gauntlet | Found a transporter.
 16912 | Gauntlet | Found a transporter.
 16922 | Gauntlet | Found a transporter.
 16922 | Gauntlet | Found a transporter.
 16925 | Gauntlet | Found a transporter.
 16952 | Gauntlet | Found a transporter.
 16959 | Gauntlet | Found a transporter.
 16977 | Gauntlet | Found a transporter.
 17023 | Gauntlet | Found a transporter.
 17037 | Gauntlet | Found a transporter.
 17138 | Gauntlet | Found a transporter.
 17140 | Gauntlet | Found a large runed translucent door.
 17140 | Gauntlet | Found a large runed translucent door.
 17141 | Gauntlet | Found a large runed translucent door.
 17141 | Gauntlet | Found a large runed translucent door.
 17142 | Gauntlet | Found a large runed translucent door.
 17142 | Gauntlet | Found a runed translucent door.
 17142 | Gauntlet | Found a large runed translucent door.
 17142 | Gauntlet | Found a runed translucent door.
 17142 | Gauntlet | Found a large runed translucent door.
 17142 | Gauntlet | Found a large runed translucent door.
 17143 | Gauntlet | Found a large runed translucent door.
 17143 | Gauntlet | Found a large runed translucent door.
 17146 | Gauntlet | Found a large runed translucent door.
 17146 | Gauntlet | Found a large runed translucent door.
 17148 | Gauntlet | Found a large runed translucent door.
 17148 | Gauntlet | Found a large runed translucent door.
 17148 | Gauntlet | Found a large runed translucent door.
 17150 | Gauntlet | Found a runed translucent gate.
 17150 | Gauntlet | Found a runed translucent gate.
 17150 | Gauntlet | Found a runed translucent gate.
 17152 | Gauntlet | Found a transporter.
 17163 | Gauntlet | Found a large runed translucent door.
 17380 | Gauntlet | Identified the -1 pair of gloves of the Comet {Harm rPois
                  | rC- Dex+2 SInv}
 17511 | Gauntlet | Identified the +0 cloak of Temperance {Contam Drain MP+9
                  | Int+9}
 17621 | Gauntlet | Noticed a quicksilver ooze
 17621 | Gauntlet | a four-headed hydra changed into a quicksilver ooze
 17623 | Gauntlet | a quicksilver ooze changed into an ice dragon
 17631 | Gauntlet | Noticed a quicksilver ooze
 17631 | Gauntlet | an ice dragon changed into a quicksilver ooze
 17632 | Gauntlet | a quicksilver ooze changed into a six-headed hydra
 17644 | Gauntlet | Identified the ring of the Priest {EV+4 Str+5}
 17790 | Lair:6   | Noticed Sonja
 17801 | Lair:6   | Killed Sonja
 18079 | Lair:6   | Reached skill level 10 in Stealth
 18292 | Lair:6   | Reached skill level 10 in Fighting
 19129 | D:11     | Reached skill level 5 in Air Magic
 19129 | D:11     | Reached XP level 15. HP: 92/92 MP: 24/36
 19131 | D:11     | Killed puimuR's ghost
 19132 | D:11     | Reached skill level 5 in Transmutations
 19151 | D:11     | Offered knowledge of Lightning Bolt by Vehumet.
 19283 | D:8      | Bought a scroll of acquirement for 624 gold pieces
 19283 | D:8      | Bought a scroll of torment for 90 gold pieces
 19283 | D:8      | Acquired the Incunabulum of Ashen Battle Magic
 19368 | D:12     | Learned a level 5 spell: Lightning Bolt
 19375 | D:12     | Learned a level 5 spell: Lee's Rapid Deconstruction
 19394 | Orc:1    | Entered Level 1 of the Orcish Mines
 19394 | Orc:1    | Noticed an orc warlord
 19397 | Orc:1    | Reached skill level 16 in Spellcasting
 19398 | Orc:1    | Noticed an orc warlord
 19549 | Orc:1    | Killed an orc warlord
 19552 | Orc:1    | Killed an orc warlord
 19770 | Orc:1    | Found a large runed translucent door.
 19770 | Orc:1    | Found a large runed translucent door.
 19771 | Orc:1    | Noticed doomsgape's ghost (journeyman MiFi)
 19894 | Orc:1    | Killed doomsgape's ghost
 20055 | Orc:2    | Entered Level 2 of the Orcish Mines
 20193 | Orc:1    | Found a radiant altar of Vehumet.
 20218 | Orc:1    | Noticed an orc warlord
 20232 | Orc:1    | Killed an orc warlord
 20232 | Orc:1    | Offered knowledge of Yara's Violent Unravelling by Vehumet.
 20245 | Orc:1    | Noticed Erolcha
 20308 | Orc:1    | Killed Erolcha
 20722 | Orc:2    | Found a staircase to the Elven Halls.
 20761 | Orc:2    | Reached skill level 5 in Poison Magic
 21224 | Orc:2    | Reached ****** piety under Vehumet
 21296 | Orc:2    | Found Pesinaov's General Store.
 21384 | Orc:2    | Found Fasorch's Antique Weapon Emporium.
 21390 | Orc:2    | Found Raeruwej's Antique Armour Boutique.
 21398 | Orc:2    | Found Uxofeiza's Weapon Shoppe.
 21407 | Orc:2    | Found a runed translucent gate.
 21407 | Orc:2    | Noticed pzskc383's ghost (journeyman GrFi)
 21408 | Orc:2    | Found a runed translucent gate.
 21409 | Orc:2    | Found a runed translucent gate.
 21496 | Orc:2    | Killed pzskc383's ghost
 21561 | Orc:2    | Bought a potion of degeneration for 12 gold pieces
 21561 | Orc:2    | Bought a scroll of teleportation for 36 gold pieces
 21762 | Orc:2    | Bought a wand of digging (5) for 216 gold pieces
 21773 | Orc:2    | Bought a runed helmet for 157 gold pieces
 22025 | D:13     | Found a hide-covered altar of Uskayaw.
 22148 | D:13     | Offered knowledge of Eringya's Noxious Bog by Vehumet.
 22524 | D:14     | Noticed Snorg
 22538 | D:14     | Killed Snorg
 22796 | D:14     | Reached skill level 17 in Spellcasting
 23412 | D:15     | Entered Level 15 of the Dungeon
 23440 | D:15     | Noticed Jorgrun
 23451 | D:15     | Killed Jorgrun
 23474 | D:15     | Reached XP level 16. HP: 100/100 MP: 11/39
 23798 | D:15     | Noticed a shadow dragon
 24277 | D:15     | Found a staircase to the Depths.
 24349 | D:15     | Found a radiant altar of Vehumet.
 24397 | D:15     | Killed a shadow dragon
 24397 | D:15     | Offered knowledge of Ozocubu's Refrigeration by Vehumet.
 24609 | Orc:2    | Bought an ancient chain mail for 199 gold pieces
 24609 | Orc:2    | Identified the +6 chain mail "Wuwy" {+Blink} (You bought it
                  | in a shop on level 2 of the Orcish Mines)
 24609 | Orc:2    | Bought an ichor-stained chain mail for 199 gold pieces
 24609 | Orc:2    | Identified the +1 chain mail of the Disturbing Youths {SInv
                  | Stlth+} (You bought it in a shop on level 2 of the Orcish
                  | Mines)
 24829 | Spider:1 | Entered Level 1 of the Spider Nest
 25113 | Spider:1 | Identified Roxanne's Almanac of Transmutation
 25113 | Spider:1 | Noticed Roxanne
 25117 | Spider:1 | Killed Roxanne
 25322 | Spider:1 | Reached skill level 18 in Spellcasting
 25668 | Spider:1 | Reached skill level 5 in Evocations
 25996 | Spider:2 | Noticed Arachne
 26012 | Spider:2 | Killed Arachne
 26013 | Spider:2 | Reached skill level 10 in Earth Magic
 26750 | Spider:2 | Reached XP level 17. HP: 106/106 MP: 41/41
 26911 | Spider:2 | Identified the +9 spear "Teung" {flame, Int+3}
 27015 | Spider:2 | Offered knowledge of Ignition by Vehumet.
 27107 | Spider:2 | Acquired the +7 pair of quick blades "Gyre" and "Gimble"
                  | {protect}
 27107 | Spider:2 | Found the +7 pair of quick blades "Gyre" and "Gimble"
                  | {protect}
 27433 | Spider:2 | Identified the +4 hunting sling of Musish {vorpal, rPois}
 28263 | Spider:3 | Reached skill level 19 in Spellcasting
 28538 | Spider:3 | Paralysed by a hornet for 1 turns
 28542 | Spider:2 | Paralysed by a hornet for 2 turns
 28578 | Spider:3 | Offered knowledge of Fire Storm by Vehumet.
 28578 | Spider:3 | Offered knowledge of Shatter by Vehumet.
 28578 | Spider:3 | Offered knowledge of Polar Vortex by Vehumet.
 29763 | Spider:4 | Entered Level 4 of the Spider Nest
 30203 | Spider:4 | Learned a level 9 spell: Shatter
 30648 | Spider:4 | Reached XP level 18. HP: 61/113 MP: 2/43
 31245 | Spider:4 | Got a gossamer rune of Zot
 31842 | Swamp:1  | Entered Level 1 of the Swamp
 32410 | Swamp:1  | Reached skill level 5 in Armour
 32685 | Swamp:2  | Found a frozen archway.
 32703 | Swamp:2  | Reached skill level 20 in Spellcasting
 32767 | IceCv    | Entered an ice cave
 32814 | IceCv    | Slain by a golden dragon simulacrum

Illustrated notes

Levels and vault maps discovered:
D:1:      matt_arrival_los_fun, layout_loops_ring, hex_medium
D:2:      minmay_diamond_boxcup, layout_basic, chequers_ecumenical_altar_simple,
          dk_noncrumbling_4
D:3:      layout_basic, mainiacjoe_overflow_alcove_1, skrybe_limestone_x,
          minmay_circle_x, uniq_robin, uniq_grinder
D:4:      layout_loops_ring, chequers_temple_overflow_minitemple, uniq_sigmund,
          uniq_eustachio
D:5:      minmay_polygon_palace, layout_loops_ring,
          minmay_temple_entry_crystal_x
D:6:      layout_loops_corners, old_standard_altar, zin_purify,
          mainiacjoe_overflow_catch_the_wave
D:7:      layout_gridville, slow_altar_1, mainiacjoe_overflow_chevrons,
          mainiacjoe_overflow_brackets, ebering_ghost_reflecting_pool
D:8:      layout_basic, nzn_wu_jian_contemplation, lemuel_doored_altar,
          serial_shops, kennysheep_mini, shop, shop, shop, shop
D:9:      layout_loops_ring, lair_entry_dummy
D:10:     layout_loops_corners
D:11:     layout_long_grid, enter_trove_2, special_room [special_room_orc],
          maelrawn_ghost_gauntlet_escape
D:12:     layout_loops_corners, david_orc_3, evilmike_minifort
D:13:     layout_roguey, david_vaults_2, minivault_15, minmay_fountain_box,
          eat_drink_and_be_merry_uskayaw
D:14:     layout_grid_maze, uniq_snorg
D:15:     grunt_enter_depths_snipers, layout_basic, nicolae_vehumet_altar_sigil,
          minmay_checkered_concentric_circles, uniq_jorgrun
Temple:   kb_temple_of_zot
Lair:1:   layout_regular_city, eino_small_chamber_without_monster,
          kennysheep_rathole
Lair:2:   layout_hall_layers, uniq_gastronok
Lair:3:   layout_hall_layers, gammafunk_lair_bear_cave, grunt_megastairs_2,
          uniq_urug
Lair:4:   layout_cave_pods, swamp_mist, spider_nest_entry_a,
          serial_bayou_shore_b, uniq_nessos
Lair:5:   layout_roguey, grunt_megastairs_3
Lair:6:   minmay_lair_end_frog_pond, layout_regular_city, slime_altar_1,
          gauntlet_entry_generic, uniq_sonja
Swamp:1:  layout_basic_swamp, evilmike_swamp_ruin_rubble_1, swamp_pool5
Swamp:2:  layout_basic_swamp, portal_ice_cave_entry_ice_simulacra,
          evilmike_swamp_ruin_house_3, infiniplex_staircase_pool
Spider:1: layout_spider_delve, nicolae_spider_circle_web,
          nicolae_spider_moth_buddies, uniq_roxanne
Spider:2: nicolae_spider_hilbert_zone_3 [nicolae_spider_hilbert_4_sides_2_open,
          nicolae_spider_hilbert_3_sides_1_open,
          nicolae_spider_hilbert_3_sides_1_open,
          nicolae_spider_hilbert_3_sides_1_open,
          nicolae_spider_hilbert_3_sides_1_open,
          nicolae_spider_hilbert_4_sides_1_open,
          nicolae_spider_hilbert_4_sides_1_open,
          nicolae_spider_hilbert_4_sides_1_open,
          nicolae_spider_hilbert_4_sides_1_open,
          nicolae_spider_hilbert_4_sides_1_open,
          nicolae_spider_hilbert_4_sides_1_open,
          nicolae_spider_hilbert_4_sides_1_open,
          nicolae_spider_hilbert_4_sides_1_open,
          nicolae_spider_hilbert_3_sides_1_open,
          nicolae_spider_hilbert_3_sides_1_open,
          nicolae_spider_hilbert_3_sides_1_open,
          nicolae_spider_hilbert_3_sides_1_open], uniq_arachne
Spider:3: nicolae_spider_corner
Spider:4: guppyfry_spider_rune, drop_trap, hangedman_spider_tarantella_strand
Orc:1:    nicolae_orc_accident_1, layout_caves, ebering_ghost_disaster_area,
          hangedman_feature_mirror, uniq_erolcha
Orc:2:    st_orc_open, layout_diamond_mine, ebering_ghost_rock_garden,
          lemuel_statue_altar
IceCv:    ice_cave_small_necro

Skill      XL: |  1  2  3  4  5  6  7  8  9 10 11 12 13 14 15 16 17 18 |
---------------+-------------------------------------------------------+-----
Conjurations   | 5 6 7 8 9 10 11 12 13 | 13.1
Spellcasting   | 4 5 6 7 8 10 12 13 14 15 17 18 19 20 | 20.0
Fighting       | 1 2 3 4 5 6 7 8 9 10 11 12 13 | 13.0
Stealth        | 3 4 5 7 9 10 11 12 | 12.8
Armour         | 1 2 3 4 5 |  5.0
Throwing       | 1 2 3 |  3.6
Dodging        | 3 4 5 6 |  6.0
Evocations     | 2 3 4 5 |  5.4
Earth Magic    | 2 3 5 6 7 8 10 11 | 11.8
Poison Magic   | 1 2 3 4 5 6 7 |  7.0
Shields        | 2 3 4 5 |  5.5
Air Magic      | 2 3 4 5 6 7 |  7.4
Translocations | 1 2 3 |  3.7
Short Blades   | 1 2 4 6 7 |  7.0
Transmutations | 3 4 5 6 |  6.9
Fire Magic     | 1 2 |  2.9

Action                   |  1- 3 |  4- 6 |  7- 9 | 10-12 | 13-15 | 16-18 || total
-------------------------+-------+-------+-------+-------+-------+-------++-------
Melee: Dagger            |     6 |     3 |       |       |       |       ||     9
       Short sword       |       |       |       |    72 |   242 |   289 ||   603
Throw: Throwing net      |       |     1 |     2 |     8 |     1 |       ||    12
       Dart              |       |       |       |    25 |    41 |     2 ||    68
       Javelin           |       |       |       |     3 |    12 |       ||    15
       Boomerang         |       |       |       |       |    11 |    11 ||    22
 Cast: Magic Dart        |    55 |    42 |    72 |    18 |     8 |       ||   195
       Searing Ray       |     4 |    17 |    72 |    83 |    89 |    14 ||   279
       Sandblast         |       |       |    21 |    23 |    38 |    18 ||   100
       Poisonous Vapours |       |       |     9 |    22 |   184 |   179 ||   394
       Mephitic Cloud    |       |       |     2 |     8 |     5 |       ||    15
       Iskenderun's Myst |       |       |     1 |    24 |    25 |    46 ||    96
       Stone Arrow       |       |       |       |    57 |   113 |    37 ||   207
       Petrify           |       |       |       |    37 |    90 |   121 ||   248
       Iskenderun's Batt |       |       |       |     5 |     8 |     1 ||    14
       Fireball          |       |       |       |     4 |    60 |    24 ||    88
       Iron Shot         |       |       |       |       |    42 |    73 ||   115
       Blink             |       |       |       |       |    13 |     8 ||    21
       Bolt of Magma     |       |       |       |       |     2 |       ||     2
       Lee's Rapid Decon |       |       |       |       |    19 |   125 ||   144
       Lightning Bolt    |       |       |       |       |    15 |    11 ||    26
Evoke: Wand              |       |       |    11 |    15 |   103 |    50 ||   179
       Phantom mirror    |       |       |       |     2 |     3 |     5 ||    10
       Lightning rod     |       |       |       |       |       |    17 ||    17
  Use: Scroll            |       |       |     8 |    10 |    20 |    10 ||    48
       Potion            |       |       |       |     3 |     3 |     2 ||     8
 Stab: Petrified         |       |       |       |    53 |   111 |   120 ||   284
       Petrifying        |       |       |       |     1 |     2 |     2 ||     5
       Sleeping          |       |       |       |       |     3 |       ||     3
Armor: Robe              |     4 |     1 |       |       |       |       ||     5
       Leather armour    |       |     3 |     5 |    32 |    53 |     1 ||    94
       Chain mail        |       |       |       |       |       |   290 ||   290
Dodge: Dodged            |     5 |    11 |    30 |   106 |   221 |   291 ||   664
Block: Buckler           |       |       |       |     6 |   114 |   196 ||   316
